 Dungeon Sprint DCSS version 0.20-a0-1116-gaa52201 (webtiles) character file.

390 Kidiri the Protected (level 6, -10/63 HPs)
             Began as a Minotaur Fighter on May 8, 2017.
             Was an Initiate of Okawaru.
             Mangled by a fire elemental (13 damage)
             ... summoned by a deep elf mage
             ... in the Dungeon (Sprint III: "The Ten Rune Challenge").
             The game lasted 00:03:31 (839 turns).

Kidiri the Protected (Minotaur Fighter)              Turns: 839, Time: 00:03:32

Health: -10/63     AC:  9    Str: 21    XL:     6   Next: 50%
Magic:  5/5        EV: 11    Int:  5    God:    Okawaru [......]
Gold:   29         SH: 11    Dex: 15    Spells: 5/5 levels left

rFire    . . .     SeeInvis .   a - +0 long sword
rCold    . . .     Gourm    .   c - +0 shield
rNeg     . . .     Faith    .   b - +0 scale mail
rPois    .         Spirit   .   (helmet restricted)
rElec    .         Reflect  .   (no cloak)
rCorr    .         Harm     .   (no gloves)
MR       .....     Clarity  +   (no boots) Stlth ..........NoTele +
                                (no amulet)
Regen    0.2/turn               (no ring)
MPRegen  0.1/turn               (no ring)

@: no status effects
A: retaliatory headbutt, horns 2, rugged brown scales 1, agile 2, clarity
a: Renounce Religion


You were in the Dungeon.
You worshipped Okawaru.
Okawaru was noncommittal.
You were not hungry.

You visited 1 branch You collected 29 gold pieces.

Inventory:

Hand Weapons
 a - a +0 long sword (weapon)
Armour
 b - a +0 scale mail (worn)
 c - a +0 shield (worn)
Scrolls
 e - a scroll of torment
 o - a scroll of holy word
 q - a scroll of remove curse
Potions
 d - a potion of might
 h - a potion of haste
 i - 2 potions of magic
 n - a potion of ambrosia
 s - 2 potions of flight
Comestibles
 f - a bread ration
 m - 2 fruits
 r - a royal jelly


   Skills:
 * Level 8.4 Fighting
 * Level 8.0 Long Blades
 + Level 4.2 Throwing
 * Level 8.4 Armour
 + Level 4.5 Dodging
 * Level 8.4 Shields


You had 5 spell levels left.
You didn't know any spells.

Dungeon Overview and Level Annotations

Branches:
Dungeon (1/1)

Altars:
Elyvilon
Okawaru
Trog
Uskayaw
Wu Jian
Zin
The Shining One
Beogh


Innate Abilities, Weirdness & Mutations

You reflexively headbutt those who attack you in melee.
You have a pair of horns on your head.
You are partially covered in rugged brown scales. (AC +1, +3% HP)
You are very agile. (Dex +4)
You possess an exceptional clarity of mind.


Message History

The deep elf mage is severely wounded.
The fire elemental closely misses you. The fire elemental hits you.
The fire elemental burns you! The fire elemental barely misses you.
Unknown command.
You hit the deep elf mage.
The deep elf mage is severely wounded.
The fire elemental hits you.
* * * LOW HITPOINT WARNING * * *
The fire elemental burns you!
* * * LOW HITPOINT WARNING * * *
The deep elf mage drinks a potion.
The deep elf mage is healed!
You block the fire elemental's attack. The fire elemental hits you.
The fire elemental burns you!
* * * LOW HITPOINT WARNING * * *
You block the fire elemental's attack. The deep elf mage barely misses you.
You furiously retaliate!
You headbutt the deep elf mage! You miss the deep elf mage.
The deep elf mage is heavily wounded.
The fire elemental hits you. The fire elemental burns you!
You die...

▓▓▓▓▓▓▓ ▓▓▓ ..+...♣♣♣
♣.######### ..#.....♣♣
♣♣.#_E_#___# ###....♣.♣
♣..#e@E#__.#
..#....≈.♣♣♣..###E#+###+##
..#...≈≈♣..♣♣.#..........#
..#..≈≈≈≈♣.♣..'.⌠........#
#'#..≈≈≈≈≈≈...#...######+#
..#.≈≈≈≈≈≈....#.⌠.#
..#.≈≈≈≈≈.....#...#
..#.≈≈≈..)....#+###
###...........#


You could see a deep elf mage and 3 fire elementals.

Vanquished Creatures
  A water elemental (D)
  3 humans (D)
  2 oozes (D)
  A phantom (D)
  2 rats (D)
9 creatures vanquished.

Vanquished Creatures (others)
  2 draconian scorchers (D)
  6 hellions (D)
  A yaktaur (D)
9 creatures vanquished.

Grand Total: 18 creatures vanquished

Notes
Turn   | Place    | Note
-------+----------+-------------------------------------------
     0 | D        | Kidiri the Minotaur Fighter began the quest for the Orb.
     0 | D        | Reached XP level 1. HP: 19/19 MP: 0/0
    11 | D        | Reached skill level 1 in Throwing
    11 | D        | Reached XP level 2. HP: 27/27 MP: 1/1
    20 | D        | Reached skill level 1 in Dodging
    68 | D        | Reached XP level 3. HP: 11/35 MP: 2/2
    81 | D        | Killed a hellion
   135 | D        | Killed a yaktaur
   154 | D        | Killed a white draconian scorcher
   167 | D        | Killed a hellion
   207 | D        | Killed a hellion
   207 | D        | Killed a hellion
   232 | D        | Killed a hellion
   232 | D        | Killed a hellion
   295 | D        | Killed a white draconian scorcher
   366 | D        | Gained mutation: You are frail. (-10% HP) [potion of mutation]
   366 | D        | Gained mutation: You are partially covered in slimy green scales. (AC +2) [potion of mutation]
   366 | D        | Gained mutation: You have large cloven feet. [potion of mutation]
   367 | D        | Lost mutation: You have large cloven feet. [potion of mutation]
   367 | D        | Lost mutation: You are frail. (-10% HP) [potion of mutation]
   367 | D        | Lost mutation: You are partially covered in slimy green scales. (AC +2) [potion of mutation]
   367 | D        | Gained mutation: You have sharp toenails. [potion of mutation]
   367 | D        | Gained mutation: You are robust. (+10% HP) [potion of mutation]
   367 | D        | Gained mutation: You are surrounded by a mild repulsion field. (EV +2) [potion of mutation]
   367 | D        | Gained mutation: You have a beak for a mouth. [potion of mutation]
   368 | D        | Lost mutation: You have sharp toenails. [potion of mutation]
   368 | D        | Lost mutation: You have a beak for a mouth. [potion of mutation]
   368 | D        | Gained mutation: You occasionally shout uncontrollably at your foes. [potion of mutation]
   368 | D        | Lost mutation: You are robust. (+10% HP) [potion of mutation]
   368 | D        | Gained mutation: You are somewhat resistant to further mutation. [potion of mutation]
   369 | D        | Lost mutation: You are somewhat resistant to further mutation. [potion of mutation]
   369 | D        | Lost mutation: You occasionally shout uncontrollably at your foes. [potion of mutation]
   369 | D        | Lost mutation: You are surrounded by a mild repulsion field. (EV +2) [potion of mutation]
   369 | D        | Gained mutation: You possess an exceptional clarity of mind. [potion of mutation]
   369 | D        | Gained mutation: You have a pair of large horns on your head. [potion of mutation]
   370 | D        | Lost mutation: You possess an exceptional clarity of mind. [potion of mutation]
   370 | D        | Lost mutation: You have a pair of large horns on your head. [potion of mutation]
   370 | D        | Gained mutation: You are partially covered in rugged brown scales. (AC +1, +3% HP) [potion of mutation]
   370 | D        | Gained mutation: You have a pair of large horns on your head. [potion of mutation]
   371 | D        | Lost mutation: You have a pair of large horns on your head. [potion of mutation]
   371 | D        | Gained mutation: You are agile. (Dex +2) [potion of mutation]
   371 | D        | Gained mutation: You are very agile. (Dex +4) [potion of mutation]
   371 | D        | Gained mutation: You possess an exceptional clarity of mind. [potion of mutation]
   477 | D        | Noticed a water elemental
   492 | D        | Killed a water elemental
   492 | D        | Reached skill level 5 in Fighting
   492 | D        | Reached skill level 5 in Long Blades
   492 | D        | Reached skill level 5 in Armour
   492 | D        | Reached skill level 5 in Shields
   492 | D        | Reached XP level 4. HP: 45/45 MP: 3/3
   509 | D        | Found a hide-covered altar of Uskayaw.
   509 | D        | Found a roughly hewn altar of Beogh.
   509 | D        | Found an iron altar of Okawaru.
   509 | D        | Found a bloodstained altar of Trog.
   509 | D        | Found an ornate altar of the Wu Jian Council.
   509 | D        | Noticed a human
   511 | D        | Noticed a human
   532 | D        | Killed a human
   532 | D        | Reached XP level 5. HP: 8/53 MP: 4/4
   534 | D        | Killed a human
   534 | D        | Reached XP level 6. HP: 6/63 MP: 5/5
   557 | D        | Became a worshipper of Warmaster Okawaru
   830 | D        | Found a glowing silver altar of Zin.
   830 | D        | Found a glowing golden altar of the Shining One.
   830 | D        | Found a white marble altar of Elyvilon.
   831 | D        | Noticed a deep elf mage
   834 | D        | Noticed a fire elemental
   834 | D        | Noticed a fire elemental
   836 | D        | Noticed a fire elemental
   838 | D        | HP: 2/63 [fire elemental[a deep elf mage] (6)]
   839 | D        | Mangled by a fire elemental

Vault maps used:
D:        dungeon_sprint_mu

Skill      XL: |  1  2  3  4  5 |
---------------+----------------+-----
Fighting       | 4 5 7 8 |  8.4
Long Blades    | 3 5 6 8 |  8.0
Armour         | 4 5 7 8 |  8.4
Shields        | 4 5 7 8 |  8.4
Throwing       | 1 2 3 4 |  4.2
Dodging        | 1 2 3 4 |  4.5

Action                   |  1- 3 |  4- 6 || total
-------------------------+-------+-------++-------
Melee: Long sword        |    45 |    22 ||    67
       Headbutt          |     6 |     8 ||    14
  Use: Potion            |     8 |     1 ||     9
       Scroll            |     6 |     1 ||     7
Armor: Scale mail        |    15 |     9 ||    24
Dodge: Dodged            |    11 |    10 ||    21
Block: Shield            |    22 |    15 ||    37
       Rpst.: Long sword |     3 |     4 ||     7
